 Dungeon Crawl Stone Soup version bcrawl-1.19.2-6-g6a88ae04c9 (webtiles) character file.

Game seed: 15647219328132573200

41 Mrkan the Skirmisher (level 3, -6/34 HPs)
             Began as a Hill Orc Fighter on Dec 26, 2019.
             Was an Initiate of Gozag.
             Mangled by Sigmund
             ... wielding a +0 scythe
              (11 damage)
             ... on level 2 of the Dungeon.
             The game lasted 00:01:48 (1271 turns).

Mrkan the Skirmisher (Hill Orc Fighter)             Turns: 1271, Time: 00:01:49

Health: -6/34      AC:  9    Str: 19    XL:     3   Next: 52%
Magic:  3/3        EV:  5    Int:  8    God:    Gozag
Gold:   58         SH:  9    Dex: 10    Spells: 2/2 levels left

rFire    . . .     SeeInvis .   a - +0 war axe
rCold    . . .     Gourm    .   c - +0 shield
rNeg     . . .     Faith    .   i - +0 chain mail
rPois    .         Spirit   .   (no helmet)
rElec    .         Reflect  .   (no cloak)
rCorr    .         Harm     .   (no gloves)
MR       .....                  (no boots)
Stlth    ..........             (no amulet)
HPRegen  0.11/turn              (no ring)
MPRegen  0.08/turn              (no ring)

@: no status effects
A: no striking features
a: Potion Petition, Call Merchant, Bribe Branch, Renounce Religion


You were on level 2 of the Dungeon.
You worshipped Gozag.
Gozag was noncommittal.
You were very hungry.

You visited 1 branch of the dungeon, and saw 2 of its levels.

You collected 85 gold pieces.
You paid 27 gold pieces to Gozag.

Inventory:

Hand Weapons
 a - a +0 war axe (weapon)
Missiles
 j - 43 javelins (quivered)
Armour
 c - a +0 shield (worn)
 i - a +0 chain mail (worn)
Scrolls
 b - a scroll of fog {unknown}
 e - a scroll of teleportation {unknown}
 g - a scroll of enchant weapon {unknown}
 l - a scroll of fear {unknown}
Potions
 d - a potion of might
 h - a potion of curing {unknown}
 k - 2 potions of agility {unknown}
Comestibles
 f - 3 rations {!d}


   Skills:
 * Level 4.5 Fighting
   Level 4.5 Short Blades
   Level 4.5 Long Blades
   Level 4.5 Axes
   Level 4.5 Maces & Flails
   Level 4.5 Polearms
   Level 4.5 Staves
 + Level 3.7 Armour
 + Level 3.7 Shields
   Level 4.5 Unarmed Combat


You had 2 spell levels left.
You didn't know any spells.
Your spell library was empty.

Dungeon Overview and Level Annotations

Branches:
Dungeon (2/12)

Altars:
Gozag
Hepliaklqana

Shops:
D:2 *

Annotations:
D:2 Sigmund


Message History

Your shield and chain mail prevent you from hitting something.
You slash something!
You hear some strange, mumbled words.
A magic dart appears from out of thin air!
The magic dart hits you! Something hits you but does no damage.
You miss something. You closely miss something.
You hear some strange, mumbled words.
A puff of flame appears from out of thin air!
The puff of flame hits you!
* * * LOW HITPOINT WARNING * * *
You hear some strange, mumbled words.
Something tries to affect you, but you resist.
Your shield and chain mail prevent you from hitting something.
You block something's attack.
You closely miss something. Something hits you.
* * * LOW HITPOINT WARNING * * *
You closely miss something. Something hits you!
You die...
Your body crumbles into a pile of gold.

..._....# $(. ⌠....≈.##+###
... ..≈≈≈≈†.....# ##..
≈≈≈.........###..# ....#
#####............# ....#
.......##+#......###+###....
.....#.##.#........'_###....
.....#..#.#.....{###'###..#
.....##.#.#.....@# #.# ..#
..........'.....$###@###..#
####.##...#...............#
#.###..##.......###....# #.#
#..##.......# ###### #.#
##>##.......# #+#
#.##.......# #.##.......#
#.##.......#


There were no monsters in sight!

Vanquished Creatures
  An adder (D:2)
  A dart slug (D:1)
  3 leopard geckos (D:1)
  A ball python (D:1)
  3 bats (D:1)
  3 giant cockroaches (D:1)
  A goblin (D:1)
  4 hobgoblins
  6 kobolds
  2 rats (D:1)
25 creatures vanquished.

Vanquished Creatures (others)
  A quokka (D:2)
1 creature vanquished.

Grand Total: 26 creatures vanquished

Notes
Turn   | Place    | Note
-------+----------+-------------------------------------------
     0 | D:1      | Mrkan the Hill Orc Fighter began the quest for the Orb.
     0 | D:1      | Reached XP level 1. HP: 20/20 MP: 1/1
   245 | D:1      | Reached XP level 2. HP: 27/27 MP: 2/2
   688 | D:1      | Reached XP level 3. HP: 34/34 MP: 3/3
  1137 | D:2      | Found Gozag's Platinum Reserve.
  1164 | D:2      | Found an opulent altar of Gozag.
  1185 | D:2      | Became a worshipper of Gozag Ym Sagoz the Greedy
  1236 | D:2      | Noticed Sigmund
  1242 | D:2      | Found a hazy altar of Hepliaklqana.
  1271 | D:2      | Mangled by Sigmund

Action                   || total
-------------------------++-------
Melee: War axe           ||   105
Armor: Scale mail        ||    10
       Chain mail        ||    50
Dodge: Dodged            ||    33
Block: Shield            ||    52
